 Dungeon Crawl Stone Soup version 0.19-a0-1292-g796ee4d (webtiles) character file.

181613 Gagarin the Severer (level 17, -1/238 HPs)
             Began as a Minotaur Fighter on Aug 25, 2016.
             Was the Champion of Okawaru.
             Slain by an Ice Fiend (25 damage)
             ... in an ice cave on Aug 30, 2016.
             The game lasted 02:05:10 (26442 turns).

Gagarin the Severer (Minotaur Fighter)             Turns: 26442, Time: 02:05:12

Health: -1/238     AC: 23    Str: 29    XL:     17   Next: 33%
Magic:  0/28       EV: 29    Int:  5    God:    Okawaru [******]
Gold:   1332       SH:  0    Dex: 19    Spells: 0 memorised, 16 levels left

rFire  + . .     SeeInvis .     z - +2 battleaxe (elec)
rCold  . . .     Gourm    .     P - +4 moon troll leather armour {Spirit, Regen++ MP+5}
rNeg   . . .     Faith    .     (shield currently unavailable)
rPois  +         Spirit   +     (helmet restricted)
rElec  .         Dismiss  .     C - +2 cloak {rPois}
rCorr  .         Reflect  .     x - +2 pair of gloves of the Dragon {Dex+3}
MR     ++...     Harm     .     y - +2 pair of boots {Stlth+}
Stlth  ..........               I - amulet "Cittopuo" {rF+ MR+ Regen+ Str+2}
                                v - +3 ring of evasion
                                G - +3 ring of evasion

@: berserking, very quick
A: retaliatory headbutt, horns 2, slimy green scales 1
a: Heroism, Finesse, Renounce Religion
}: 1/15 runes: gossamer


You were in an ice cave.
You worshipped Okawaru.
Okawaru was exalted by your worship.
You were not hungry.

You visited 6 branches of the dungeon, and saw 29 of its levels.
You also visited: Ice Cave.

You collected 2581 gold pieces.
You spent 1249 gold pieces at shops.

Inventory:

Hand Weapons
 z - a +2 battleaxe of electrocution (weapon)
Missiles
 E - 4 poisoned tomahawks (quivered)
 Y - 7 javelins of returning
Armour
 q - a +0 buckler of cold resistance
 r - a +2 pair of gloves of archery
 x - the +2 pair of gloves of the Dragon (worn) {Dex+3}
   (Okawaru gifted it to you on level 12 of the Dungeon)

   It affects your dexterity (+3).
 y - a +2 pair of boots of stealth (worn)
 C - a +2 cloak of poison resistance (worn)
 P - the +4 moon troll leather armour (worn) {Spirit, Regen++ MP+5}
   (You bought it in a shop on level 8 of the Dungeon)

   It affects your magic capacity (+5).
   It increases your rate of regeneration.
Rods
 s - a -1 rod of ignition (13/13)
   (You found it on level 11 of the Dungeon)
Jewellery
 v - a +3 ring of evasion (right hand)
 G - a +3 ring of evasion (left hand)
 I - the amulet "Cittopuo" (around neck) {rF+ MR+ Regen+ Str+2}
   (You bought it in a shop on level 2 of the Orcish Mines)

   [amulet of regeneration]

   It affects your strength (+2).
   It protects you from fire.
   It affects your resistance to hostile enchantments.
   It increases your rate of regeneration.
Wands
 N - a wand of flame (39/48)
 X - a wand of lightning (12/15)
Scrolls
 d - 3 scrolls of holy word
 e - 2 scrolls of blinking
 i - 2 scrolls of identify
 j - 7 scrolls of recharging
 l - a scroll of fear
 n - 8 scrolls of remove curse
 A - 3 scrolls of acquirement
 M - 8 scrolls of teleportation
 V - 2 scrolls of magic mapping
Potions
 b - 3 potions of lignification
 c - 3 potions of agility
 h - 10 potions of curing
 m - a potion of experience {unknown}
 o - 4 potions of berserk rage
 p - 5 potions of flight
 H - a potion of haste
 L - a potion of cancellation
 R - a potion of might
 Z - a potion of ambrosia
Miscellaneous
 J - a phial of floods
 Q - a disc of storms
Comestibles
 f - 15 bread rations
 k - a slice of pizza


   Skills:
 + Level 16.4 Fighting
 + Level 18.8 Axes
 + Level 15.0 Armour
 + Level 13.3 Dodging
 - Level 11.1 Shields
 - Level 8.0 Invocations
 + Level 9.9 Evocations


You had 16 spell levels left.
You didn't know any spells.

Dungeon Overview and Level Annotations

Branches:
Dungeon (15/15)            Temple (1/1) D:7            Lair (6/6) D:10
 Shoals (0/4) Lair:2       Spider (4/4) Lair:3        Slime (0/5) Lair:5
    Orc (2/2) D:9             Elf (1/3) Orc:2        Vaults (0/5) D:14
 Depths (0/5) D:15

Altars:
Cheibriados
Elyvilon
Fedhas
Gozag
Makhleb
Okawaru
Qazlal
Trog
Uskayaw
Vehumet
Yredelemnul
The Shining One
Beogh
Jiyva

Shops:
D:8 [*!   Orc:2 [=:(

Portals:
Hell: Lair:6

Annotations:
D:7 Rationalist's ghost, novice MiFi


Innate Abilities, Weirdness & Mutations

You reflexively headbutt those who attack you in melee.
You have a pair of horns on your head.
You are partially covered in slimy green scales. (AC +2)


Message History

You slice the Ice Fiend!!
The Ice Fiend claws you but does no damage.
The Ice Fiend completely misses you. The Ice Fiend claws you!
* * * LOW HITPOINT WARNING * * *
The Ice Fiend freezes you!!
* * * LOW HITPOINT WARNING * * *
The Ice Fiend misses you.
You feel much better.
The Ice Fiend calls on the powers of darkness!
Your body is wracked with pain!
* * * LOW HITPOINT WARNING * * *
The Ice Fiend claws you but does no damage.
The Ice Fiend completely misses you.
A red film seems to cover your vision as you go berserk!
You feel yourself moving faster!
You feel mighty! The Ice Fiend completely misses you. You furiously retaliate!
You headbutt the Ice Fiend! The Ice Fiend claws you.
* * * LOW HITPOINT WARNING * * *
The Ice Fiend freezes you!!
You die...

§.§§§§##§§§≈..###....#
##.
..§§§##§§§§§§##......#
##.. §§§§
§≈§#§§§§.....## #...
§###§§#.§###...## #...
#§§§§§#.§§.##### ##..
#§§§§§#.≈....# ##..
#§§§§..##.## ##...
###..1..### #...∩
###@### #....
#.[.....1§.§§.# ##..∩
#...##}:§##≈§§# ##..
## ##### ## ###


You could see 2 Ice Fiends.

Vanquished Creatures
  An orc warlord (Orc:2)
  7 emperor scorpions
  4 ghost moths
  2 stone giants (Orc:1)
  3 entropy weavers
  Nessos (D:12)
  2 dire elephants
  A spark wasp (Spider:4)
  An ettin (Orc:1)
  Snorg (D:11)
  A yaktaur captain (D:14)
  8 hydras
  The ghost of rlgrobin the Nimble, a journeyman SpAs of Trog (Lair:4)
  2 catoblepae
  5 centaur warriors
  3 death yaks (Lair:6)
  4 orc high priests (Orc:2)
  Nergalle (D:11)
  Urug (Lair:4)
  3 deep elf knights (Elf:1)
  A sixfirhy (Lair:6)
  A wizard (Lair:6)
  2 unseen horrors
  6 orc knights
  4 ugly things
  4 hill giants
  2 lindwurms
  7 orc sorcerers (Orc:2)
  16 orb spiders
  22 wolf spiders
  3 moths of wrath
  3 griffons
  6 deep elf magi
  2 cyclopes
  13 elephants
  3 manticores
  8 hornets
  3 black mambas (Lair:6)
  A centaur zombie (D:14)
  3 ice statues
  9 spiny frogs
  A smoke demon (Lair:6)
  2 torpor snails
  A spiny frog (shapeshifter) (Elf:1)
  3 rime drakes
  A centaur skeleton (D:15)
  5 orange demons (Lair:6)
  An efreet (D:14)
  A freezing wraith (D:13)
  A kobold demonologist (D:12)
  2 yaktaurs (D:14)
  13 komodo dragons
  8 demonic crawlers
  15 ice devils
  The ghost of Sagrath01 the Cutter, a novice KoAs (D:5)
  A hellwing (Lair:6)
  A red devil (Lair:6)
  A queen bee (D:14)
  A merfolk (Lair:2)
  31 jumping spiders
  3 meliai (D:14)
  4 trolls
  6 polar bears
  A blink frog (shapeshifter) (D:14)
  7 slime creatures
  4 two-headed ogres
  18 blink frogs
  Grinder (D:5)
  3 boulder beetles
  2 shadows (D:14)
  Sigmund (D:2)
  41 tarantellas
  74 redbacks
  2 wraiths (D:15)
  2 wyverns
  52 yaks
  3 hungry ghosts
  4 hippogriffs
  2 basilisks
  A steam dragon (Lair:6)
  2 soldier ants (D:13)
  11 wargs
  A mottled dragon (D:10)
  18 water moccasins
  7 porcupines
  40 orc warriors
  9 ice beasts
  4 phantoms
  5 wasps
  9 ogres
  5 sky beasts
  18 wolves
  An eye of draining (D:12)
  19 crocodiles
  7 centaurs
  A big kobold (D:11)
  Blork the orc (D:5)
  A wyvern zombie (D:15)
  13 giant frogs
  A water moccasin zombie (D:10)
  2 scorpions
  5 wights (D:14)
  36 killer bees
  5 electric eels
  8 howler monkeys
  5 crimson imps
  34 orc priests
  A gnoll shaman (D:6)
  3 jellies
  A giant frog skeleton (D:11)
  10 hounds
  31 orc wizards
  Jessica (D:2)
  Terence (D:2)
  13 iguanas
  5 worker ants
  5 removed
  MONS_SHEEPs (Lair:2)
  2 giant frog simulacra (D:8)
  A hound zombie (D:6)
  A worker ant zombie (D:8)
  5 gnolls (D:6)
  A howler monkey skeleton (D:8)
  11 adders
  47 river rats
  4 shadow imps
  9 white imps
  8 ufetubi
  An ooze (D:2)
  An adder skeleton (D:4)
  3 worms
  A dart slug (D:4)
  An adder simulacrum (D:8)
  9 giant geckos
  147 orcs
  5 bats
  5 giant cockroaches
  8 goblins
  9 hobgoblins
  6 jackals
  12 kobolds
  3 quokkas
  3 giant newts (D:1)
  A jackal skeleton (D:5)
  9 rats
  5 fungi
  A plant (Lair:6)
1150 creatures vanquished.

Vanquished Creatures (others)
  A ghost moth (Spider:4)
  An orb spider (Spider:4)
  A jumping spider (Spider:2)
  A redback (Spider:2)
  3 white imps (IceCv)
  An ufetubus (IceCv)
  An orc (Orc:2)
  3 fungi
  5 toadstools (Lair:3)
17 creatures vanquished.

Grand Total: 1167 creatures vanquished

Notes
Turn   | Place    | Note
-------+----------+-------------------------------------------
     0 | D:1      | Gagarin the Minotaur Fighter began the quest for the Orb.
     0 | D:1      | Reached XP level 1. HP: 19/19 MP: 0/0
   135 | D:1      | Reached XP level 2. HP: 27/27 MP: 1/1
   646 | D:2      | Reached XP level 3. HP: 21/33 MP: 2/2
   675 | D:2      | Found an opulent altar of Gozag.
   713 | D:2      | Reached skill level 3 in Axes
   766 | D:2      | Noticed Jessica
   767 | D:2      | Noticed Terence
   769 | D:2      | Killed Jessica
   769 | D:2      | Reached XP level 4. HP: 29/41 MP: 3/3
   780 | D:2      | Killed Terence
   795 | D:2      | Found a basalt altar of Yredelemnul.
   923 | D:2      | Noticed Sigmund
  1392 | D:3      | Reached XP level 5. HP: 47/47 MP: 4/4
  1396 | D:3      | Reached skill level 5 in Fighting
  1495 | D:3      | Reached skill level 4 in Axes
  1496 | D:3      | Reached skill level 5 in Armour
  1496 | D:3      | Reached skill level 5 in Shields
  1913 | D:4      | Reached XP level 6. HP: 48/56 MP: 5/5
  2651 | D:5      | Entered Level 5 of the Dungeon
  2668 | D:5      | Reached XP level 7. HP: 42/62 MP: 6/6
  2684 | D:5      | Noticed Blork the orc
  2693 | D:5      | Killed Blork the orc
  2693 | D:5      | Reached skill level 5 in Axes
  3402 | D:5      | Found a glowing golden altar of the Shining One.
  3434 | D:5      | Noticed Grinder
  3448 | D:5      | Paralysed by Grinder for 7 turns
  3455 | D:5      | Killed Grinder
  3455 | D:5      | Reached skill level 6 in Axes
  3455 | D:5      | Reached XP level 8. HP: 60/71 MP: 7/7
  3467 | D:5      | Noticed Sagrath01's ghost (novice KoAs)
  3478 | D:5      | Killed Sagrath01's ghost
  3478 | D:5      | Reached skill level 7 in Axes
  4551 | D:6      | Gained mutation: You are partially covered in slimy green scales. (AC +2) [potion of beneficial mutation]
  4558 | D:6      | Reached skill level 8 in Axes
  5019 | D:2      | Killed Sigmund
  5251 | D:7      | Reached XP level 9. HP: 80/80 MP: 8/8
  5276 | D:7      | Found a staircase to the Ecumenical Temple.
  5294 | Temple   | Entered the Ecumenical Temple
  5317 | Temple   | Became a worshipper of Warmaster Okawaru
  5373 | D:7      | Identified the Handbook of the Fetching Voyage
  5529 | D:7      | Noticed Rationalist's ghost (novice MiFi)
  5802 | D:8      | Noticed a polar bear
  5804 | D:8      | Noticed a polar bear
  5815 | D:8      | Killed a polar bear
  5815 | D:8      | Reached skill level 9 in Axes
  5827 | D:8      | Killed a polar bear
  5873 | D:8      | Reached * piety under Okawaru
  5980 | D:8      | Found Gaczux's General Store.
  6000 | D:8      | Noticed a polar bear
  6013 | D:8      | Killed a polar bear
  6013 | D:8      | Reached skill level 10 in Axes
  6170 | D:8      | Noticed a polar bear
  6207 | D:8      | Killed a polar bear
  6211 | D:8      | Reached ** piety under Okawaru
  6239 | D:8      | Reached XP level 10. HP: 36/90 MP: 9/9
  6796 | D:8      | Found Citan's Armour Emporium.
  6808 | D:8      | Bought the +4 moon troll leather armour {Spirit, Regen++ MP+5} for 442 gold pieces
  7082 | D:8      | Found Niq Joyrgh's Distillery.
  7507 | D:9      | Reached skill level 11 in Axes
  7540 | D:9      | Reached *** piety under Okawaru
  7906 | D:9      | Found a staircase to the Orcish Mines.
  8084 | D:10     | Entered Level 10 of the Dungeon
  8109 | D:10     | Noticed a centaur warrior
  8119 | D:10     | Killed a centaur warrior
  8119 | D:10     | Reached **** piety under Okawaru
  8167 | D:10     | Reached skill level 12 in Axes
  8172 | D:10     | Reached skill level 10 in Armour
  8343 | D:10     | Reached skill level 10 in Shields
  8373 | D:10     | Noticed a hill giant
  8383 | D:10     | Killed a hill giant
  8688 | D:10     | Reached XP level 11. HP: 99/99 MP: 10/10
  8771 | D:10     | Found a staircase to the Lair.
  8803 | Lair:1   | Entered Level 1 of the Lair of Beasts
  8935 | Lair:1   | Reached skill level 10 in Fighting
  9014 | Lair:1   | Reached skill level 1 in Dodging
  9019 | Lair:1   | Reached ***** piety under Okawaru
  9355 | Lair:1   | Reached skill level 13 in Axes
 10280 | Lair:2   | Found a staircase to the Shoals.
 10483 | Lair:3   | Found a hole to the Spider Nest.
 10765 | Lair:3   | Noticed a seven-headed hydra
 10777 | Lair:3   | Killed a four-headed hydra
 10777 | Lair:3   | Received a gift from Okawaru
 10777 | Lair:3   | Reached skill level 14 in Axes
 10928 | Lair:3   | Reached XP level 12. HP: 54/110 MP: 8/11
 11133 | Lair:3   | Noticed a five-headed hydra
 11134 | Lair:3   | Reached ****** piety under Okawaru
 11136 | Lair:3   | Received a gift from Okawaru
 11136 | Lair:3   | Reached skill level 5 in Dodging
 11146 | Lair:3   | Killed a one-headed hydra
 11224 | Lair:3   | Upgraded the game from 0.19-a0-1225-gf887c1c to 0.19-a0-1268-g6c5d9f8
 11299 | Lair:3   | Found a runed door.
 11622 | Lair:3   | Reached skill level 15 in Axes
 11631 | Lair:3   | Noticed a catoblepas
 11649 | Lair:3   | Killed a catoblepas
 11818 | Lair:4   | Noticed a four-headed hydra
 11826 | Lair:4   | Killed a one-headed hydra
 11922 | Lair:4   | Noticed Urug
 11941 | Lair:4   | Killed Urug
 11991 | Lair:4   | Noticed rlgrobin's ghost (journeyman SpAs)
 12009 | Lair:4   | Killed rlgrobin's ghost
 12688 | Lair:5   | Reached skill level 1 in Invocations
 12688 | Lair:5   | Reached XP level 13. HP: 114/119 MP: 12/12
 12752 | Lair:5   | Reached skill level 1 in Evocations
 12831 | Lair:5   | Received a gift from Okawaru
 12874 | Lair:5   | Found a viscous altar of Jiyva.
 12875 | Lair:5   | Found a staircase to the Slime Pits.
 13166 | Lair:5   | Reached skill level 16 in Axes
 13366 | Lair:6   | Entered Level 6 of the Lair of Beasts
 13747 | Lair:6   | Received a gift from Okawaru
 13758 | Lair:6   | Noticed a dire elephant
 13783 | Lair:6   | Killed a dire elephant
 13862 | Lair:6   | Upgraded the game from 0.19-a0-1268-g6c5d9f8 to 0.19-a0-1292-g796ee4d
 13897 | Lair:6   | Found a burning altar of Makhleb.
 13942 | Lair:6   | Received a gift from Okawaru
 13942 | Lair:6   | Reached XP level 14. HP: 36/129 MP: 2/16
 14054 | Lair:6   | Found a gateway to Hell.
 14960 | Orc:1    | Entered Level 1 of the Orcish Mines
 14960 | Orc:1    | Noticed a stone giant
 14972 | Orc:1    | Killed a stone giant
 14983 | Orc:1    | Noticed a stone giant
 15004 | Orc:1    | Killed a stone giant
 15004 | Orc:1    | Received a gift from Okawaru
 15359 | Orc:2    | Entered Level 2 of the Orcish Mines
 15419 | Orc:2    | Reached skill level 5 in Invocations
 15808 | Orc:2    | Reached skill level 5 in Evocations
 15990 | Orc:2    | Found a roughly hewn altar of Beogh.
 16081 | Orc:2    | Found Esyori's Antique Weapon Boutique.
 16106 | Orc:2    | Found Haduxiah's Book Shop.
 16423 | Orc:2    | Found a staircase to the Elven Halls.
 16567 | Orc:2    | Reached skill level 17 in Axes
 16827 | Orc:2    | Found a roughly hewn altar of Beogh.
 16827 | Orc:2    | Noticed an orc warlord
 16839 | Orc:2    | Killed an orc warlord
 16839 | Orc:2    | Received a gift from Okawaru
 16840 | Orc:2    | Got a bloodstained war axe {god gift}
 16943 | Orc:2    | Found Aconi's Armour Boutique.
 16967 | Orc:2    | Identified the +7 war axe of Truncation {pain, rF+ MR+ Int-3} (Okawaru gifted it to you on level 2 of the Orcish Mines)
 16995 | Orc:2    | Found Evept's Jewellery Shoppe.
 17010 | Orc:2    | Reached skill level 10 in Dodging
 17031 | Orc:2    | Bought the amulet "Cittopuo" {rF+ MR+ Regen+ Str+2} for 807 gold pieces
 17638 | D:11     | Noticed Snorg
 17642 | D:11     | Noticed Nergalle
 17649 | D:11     | Killed Snorg
 17654 | D:11     | Killed Nergalle
 17810 | D:11     | Reached XP level 15. HP: 138/138 MP: 18/18
 18139 | D:11     | Got an encrusted ring mail
 18146 | D:11     | Identified a -1 rod of ignition (13/13) (You found it on level 11 of the Dungeon)
 18158 | D:11     | Identified the cursed +1 ring mail of the Hanged Man {rC- rN++ Dex+5} (You found it on level 11 of the Dungeon)
 18351 | D:12     | Noticed Nessos
 18368 | D:12     | Killed Nessos
 18368 | D:12     | Received a gift from Okawaru
 18369 | D:12     | Got a pair of ichor-stained gloves {god gift}
 18428 | D:12     | Got a transparent chain mail
 18442 | D:12     | Identified the +2 pair of gloves of the Dragon {Dex+3} (Okawaru gifted it to you on level 12 of the Dungeon)
 18452 | D:12     | Identified the +0 chain mail "Yqan" {Int+5} (You took it off an orc on level 12 of the Dungeon)
 18800 | D:12     | Found a hide-covered altar of Uskayaw.
 19808 | D:14     | Identified a scroll of acquirement
 19939 | D:14     | Found a gate to the Vaults.
 20429 | D:15     | Entered Level 15 of the Dungeon
 21281 | D:15     | Received a gift from Okawaru
 21433 | D:15     | Found a staircase to the Depths.
 21462 | D:15     | Received a gift from Okawaru
 21463 | D:15     | Got an ancient war axe {god gift}
 21465 | D:15     | Identified the +1 war axe of the Battered Ships {freeze, *Contam rF+ Str+3} (Okawaru gifted it to you on level 15 of the Dungeon)
 21940 | Spider:1 | Entered Level 1 of the Spider Nest
 22127 | Spider:1 | Reached XP level 16. HP: 109/147 MP: 15/20
 22245 | Spider:1 | Reached skill level 15 in Fighting
 22634 | Spider:2 | Reached skill level 18 in Axes
 22705 | Spider:2 | Received a gift from Okawaru
 22714 | Spider:2 | Got a smoking robe {god gift}
 22769 | Spider:2 | Identified the +0 robe of Peqeibb {+Inv rPois Str-5 Int+5} (Okawaru gifted it to you on level 2 of the Spider Nest)
 24083 | Spider:3 | Received a gift from Okawaru
 24289 | Spider:4 | Entered Level 4 of the Spider Nest
 25093 | Spider:4 | Reached XP level 17. HP: 111/158 MP: 10/23
 25128 | Spider:4 | Received a gift from Okawaru
 25316 | Spider:4 | Got a gossamer rune of Zot
 25924 | Elf:1    | Entered Level 1 of the Elven Halls
 26160 | Elf:1    | Found a frozen archway.
 26175 | IceCv    | Entered an ice cave
 26267 | IceCv    | Reached skill level 15 in Armour
 26429 | IceCv    | Noticed an Ice Fiend
 26431 | IceCv    | Noticed an Ice Fiend
 26442 | IceCv    | Slain by an Ice Fiend

Vault maps used:
D:1:      dpeg_arrival_tiny_b
D:2:      nicolae_gozag_seed_capital, overflow_temple_1_default, uniq_jessica,
          uniq_terence, uniq_sigmund
D:3:      first_bread
D:5:      kennysheep_mini, hangedman_decor_points, uniq_grinder,
          uniq_blork_the_orc
D:7:      uniq_duvessa
D:8:      serial_ice, serial_ice_n, serial_ice_g, serial_ice_o, serial_ice_d,
          serial_ice_h, serial_ice_i, serial_shops, shop_statue, shop, shop
D:9:      hiddenorc2_lemuel
D:10:     erik_lair_dragon
D:11:     uniq_nergalle, uniq_snorg
D:12:     basic_altar, uniq_nessos
D:14:     david_vaults_2, special_room
D:15:     hangedman_depths_entry_try_elsewhere_first,
          hangedman_abyss_or_decor_lesser_grid, minmay_misc_feat_diagonals
Temple:   regret_index_temple_mists
Lair:1:   fungi_pond_lemuel, minivault_27, cheibrodos_lair_reptile_den
Lair:2:   elwin_shoals_entry_rooms
Lair:3:   gammafunk_lair_enchanted_lake, spider_nest_entry_web_field,
          lemuel_fruit_tree
Lair:4:   uniq_urug
Lair:5:   dpeg_slime_entry_enclosed_altar, minivault_11, minivault_26,
          infiniplex_staircase_pool, serial_bayou_shore_a
Lair:6:   evil_forest, grunt_megastairs_5
Spider:2: nicolae_spider_cling_ruins
Spider:3: hangedman_spider_tarantella_strand
Spider:4: spider_rune_water
Orc:1:    mines5_lemuel
Orc:2:    pubby_orc_utopia
Elf:1:    elf_arrival_001, portal_desolation_entry_twin_temple,
          portal_ice_cave_entry_ice_statue_one, hangedman_elf_represent,
          lemuel_flamethrower_2
IceCv:    ice_cave_small_demon

Skill      XL: |  1  2  3  4  5  6  7  8  9 10 11 12 13 14 15 16 17 |
---------------+----------------------------------------------------+-----
Fighting       | 4 5 6 7 8 9 11 12 13 14 16 | 16.4
Shields        | 4 5 6 7 8 10 11 | 11.1
Armour         | 4 5 6 7 9 10 11 12 13 14 15 | 15.0
Axes           | 3 4 6 8 10 12 14 15 16 17 18 | 18.8
Dodging        | 4 6 8 10 11 12 13 | 13.3
Invocations    | 1 4 6 7 8 |  8.0
Evocations     | 4 6 7 9 |  9.9

Action                   |  1- 3 |  4- 6 |  7- 9 | 10-12 | 13-15 | 16-18 || total
-------------------------+-------+-------+-------+-------+-------+-------++-------
Melee: War axe           |    90 |   148 |   273 |   526 |     7 |       ||  1044
       Headbutt          |     5 |    23 |    55 |   164 |   280 |   184 ||   711
       Battleaxe         |       |       |       |   177 |   977 |   641 ||  1795
       Hand axe          |       |       |       |    21 |    20 |       ||    41
       Broad axe         |       |       |       |       |    31 |       ||    31
       Executioner's axe |       |       |       |       |    16 |       ||    16
Throw: Tomahawk          |       |       |       |     1 |     5 |     8 ||    14
       Javelin           |       |       |       |       |       |     2 ||     2
Invok: Heroism           |       |       |       |     1 |    13 |     5 ||    19
       Finesse           |       |       |       |       |     2 |     1 ||     3
 Abil: Evoke Berserk Rag |       |       |       |       |     2 |       ||     2
Evoke: Wand              |       |       |     1 |       |     1 |       ||     2
       Rod               |       |       |       |       |       |     5 ||     5
       Disc of storms    |       |       |       |       |       |     1 ||     1
  Use: Potion            |       |       |    10 |     1 |     1 |     5 ||    17
       Scroll            |       |       |     3 |    15 |    11 |     7 ||    36
 Stab: Sleeping          |       |       |       |     1 |    15 |     3 ||    19
       Petrified         |       |       |       |     5 |     4 |       ||     9
       Distracted        |       |       |       |       |     2 |     1 ||     3
       Petrifying        |       |       |       |       |     1 |       ||     1
  Eat: Chunk             |       |     6 |    12 |    22 |    33 |    12 ||    85
       Beef jerky        |       |       |       |     2 |       |       ||     2
       Meat ration       |       |       |       |     1 |       |     1 ||     2
Armor: Scale mail        |    52 |    49 |   113 |    13 |       |       ||   227
       Troll leather arm |       |       |       |   198 |   354 |   235 ||   787
Dodge: Dodged            |    29 |    38 |    98 |   281 |  1148 |   760 ||  2354
Block: Shield            |    56 |    74 |   176 |   281 |       |       ||   587
